 Dungeon Crawl Stone Soup version 0.19-a0-1587-gaef70b6 (webtiles) character file.

266 Amnesiac the Charlatan (level 6, -4/43 HPs)
             Began as a Mummy Artificer on Sept 16, 2016.
             Killed by divine providence
             ... invoked by an orc priest
              (16 damage)
             ... on level 4 of the Dungeon.
             The game lasted 00:03:46 (1685 turns).

Amnesiac the Charlatan (Mummy Artificer)            Turns: 1685, Time: 00:03:46

Health: -4/43      AC:  6    Str: 16    XL:     6   Next: 0%
Magic:  10/10      EV: 11    Int: 10    God:
Gold:   94         SH:  0    Dex: 14    Spells: 0 memorised, 5 levels left

rFire  x . .     SeeInvis .     l - +1 dagger (drain)
rCold  + . .     Gourm    .     h - +0 ring mail
rNeg   + + +     Faith    .     (no shield)
rPois  ∞         Spirit   .     (no helmet)
rElec  .         Dismiss  .     a - +0 cloak
rCorr  .         Reflect  .     (no gloves)
MR     .....     Harm     .     (no boots)
Stlth  +.........               (no amulet)
                                (no ring)
                                (no ring)

@: no status effects
A: no food or potions, fire vulnerability, cold resistance 1, negative energy
resistance 3, torment resistance, unbreathing
a: no special abilities


You were on level 4 of the Dungeon.
You were not hungry.

You visited 1 branch of the dungeon, and saw 5 of its levels.

You collected 94 gold pieces.

Inventory:

Hand Weapons
 l - a +1 dagger of draining (weapon)
 m - a +0 spear of flaming
Armour
 a - a +0 cloak (worn)
 h - a +0 ring mail (worn)
Jewellery
 o - a +3 ring of dexterity {unknown}
 p - an uncursed ring of flight {unknown}
Wands
 c - a wand of flame (5/48)
 d - a wand of enslavement (13/24)
 e - a wand of random effects (0/48)
 n - a wand of random effects (24/48)
Scrolls
 b - 2 scrolls of remove curse {unknown}
 f - a scroll of enchant weapon {unknown}
 g - a scroll of immolation {unknown}
 i - a scroll of fog {unknown}
 j - 3 scrolls of amnesia {unknown}
 k - a scroll of noise {unknown}
 q - a scroll of blinking {unknown}


   Skills:
 - Level 1.0 Fighting
 - Level 0.7 Short Blades
 - Level 1.5 Dodging
 - Level 0.7 Stealth
 + Level 5.6 Evocations


You had 5 spell levels left.
You didn't know any spells.

Dungeon Overview and Level Annotations

Branches:
Dungeon (5/15)
 Temple: D:4-7

Altars:
Elyvilon
Kikubaaqudgha
Nemelex Xobeh
Okawaru


Innate Abilities, Weirdness & Mutations

You do not eat or drink.
Your flesh is vulnerable to fire.
You are immune to poison.
Your flesh is cold resistant. (rC+)
You are immune to negative energy. (rN+++)
You are immune to unholy pain and torment.
You can survive without breathing.


Message History

Unknown command.
The orc closely misses you. Something hits you.
The orc hits you but does no damage. Something hits you.
Evoke which item? (* to show all) (? for menu, Esc to quit)
Okay, then.
The orc hits you. The orc priest closely misses you.
You barely miss the orc priest. Something hits you but does no damage.
The orc barely misses you. The orc priest hits you with a flail!
Something hits you but does no damage.
Evoke which item? (* to show all) (? for menu, Esc to quit)
Zapping:
d - a wand of enslavement (14/24)
Press: ? - help, Shift-Dir - straight line, p - orc priest Nothing appears to happen.
This wand has 13 charges left.
You hear some strange, mumbled words.
A puff of flame appears from out of thin air!
The puff of flame hits you! The fire burns you terribly!
* * * LOW HITPOINT WARNING * * *
The orc priest mumbles some strange prayers to Beogh against you.
Beogh smites you!
You die...

...######.........#.....# #..#
##.# #.##.#..#....#### #.##
.### #.##....#...## #<# 8.#
#.##..#####.# #.# .(#
#.###...#>).# #.# 8.#
#.#.....#.### ######.# .###
####.......o.## #......#
##.###......##.#.{.#####.######
[!..##.###..##.o@#.......#
##..##.###..####%..#######
.##......#..#####.##
8.#..#.#.#........#
..#.........#######
8.#.........# .##...##.##.#
##....##..#.# ......###.#.#


You could see an orc priest and an orc.

Vanquished Creatures
  An ogre (D:4)
  A howler monkey (D:4)
  An orc wizard (D:4)
  3 worker ants (D:4)
  4 gnolls (D:4)
  An adder skeleton (D:4)
  A leopard gecko (D:1)
  2 orcs (D:4)
  A ball python (D:4)
  3 bats
  2 giant cockroaches
  3 goblins
  A hobgoblin (D:2)
  A frilled lizard (D:4)
  A jackal skeleton (D:4)
  2 kobolds (D:2)
28 creatures vanquished.

Vanquished Creatures (collateral kills)
  3 orcs (D:4)
3 creatures vanquished.

Grand Total: 31 creatures vanquished

Notes
Turn   | Place    | Note
-------+----------+-------------------------------------------
     0 | D:1      | Amnesiac the Mummy Artificer began the quest for the Orb.
     0 | D:1      | Reached XP level 1. HP: 15/15 MP: 2/2
   191 | D:2      | Reached XP level 2. HP: 19/21 MP: 4/4
   231 | D:2      | Reached skill level 3 in Evocations
   593 | D:4      | Reached XP level 3. HP: 14/26 MP: 5/5
   810 | D:4      | Reached skill level 4 in Evocations
   810 | D:4      | Reached XP level 4. HP: 32/32 MP: 5/7
   827 | D:4      | Found a white marble altar of Elyvilon.
   827 | D:4      | Found an ancient bone altar of Kikubaaqudgha.
   832 | D:4      | Found a sparkling altar of Nemelex Xobeh.
   835 | D:4      | Found an iron altar of Okawaru.
  1142 | D:4      | Reached XP level 5. HP: 22/37 MP: 8/8
  1325 | D:4      | Noticed an ogre
  1326 | D:4      | Killed an ogre
  1326 | D:4      | Reached skill level 5 in Evocations
  1671 | D:5      | Entered Level 5 of the Dungeon
  1677 | D:4      | Reached XP level 6. HP: 32/43 MP: 10/10
  1685 | D:4      | Killed from afar by an orc priest

Vault maps used:
D:1:      minmay_arrival_pointy, minmay_misc_feat_more_columns
D:2:      item_on_display_a
D:4:      grunt_temple_overflow_cloverleaf, first_bread
D:5:      hangedman_ru_absence, mrwooster_statue_mirror, evilmike_ruin_ashenzari

Skill      XL: |  1  2  3  4  5 |
---------------+----------------+-----
Evocations     | 3 4 5 |  5.6
Fighting       | |  1.0
Short Blades   | |  0.7
Dodging        | |  1.5
Stealth        | |  0.7

Action                   |  1- 3 |  4- 6 || total
-------------------------+-------+-------++-------
Melee: Short sword       |    75 |    11 ||    86
       Dagger            |       |    34 ||    34
Evoke: Wand              |     8 |    19 ||    27
 Stab: Betrayed ally     |       |     1 ||     1
Armor: Ring mail         |    29 |    19 ||    48
       Leather armour    |     8 |       ||     8
Dodge: Dodged            |    48 |    32 ||    80
